 Dungeon Crawl Stone Soup version 0.32-a0-361-g289a535e89 (webtiles) character file.

Game seed: 452851592306631847

125463 oldriver the Warrior (level 16, -4/136 HPs)
             Began as a Demonspawn Conjurer on Feb 18, 2024.
             Was an Initiate of Gozag.
             Hit by a silver javelin thrown by a merfolk javelineer (8 damage)
             ... on level 3 of the Shoals on Feb 20, 2024.
             The game lasted 01:11:09 (35602 turns).

oldriver the Warrior (Demonspawn Conjurer)         Turns: 35602, Time: 01:11:10

Health: -4/136     AC: 34    Str: 13    XL:     16   Next: 41%
Magic:  23/33      EV: 14    Int: 29    God:    Gozag
Gold:   2716       SH:  4    Dex: 14    Spells: 25/42 levels left

rFire   + . .        a - +11 shortbow of Nightmares {elec, Int+3 Dex+2 Stlth+}
rCold   + . .        (shield currently unavailable)
rNeg    + + +        k - +0 acid dragon scales
rPois   +            E - +2 helmet
rElec   +            e - +0 cloak
rCorr   +            u - +2 pair of gloves
SInv    .            x - +2 pair of boots
Will    ++++.        C - amulet "Zibbuach" {RegenMP rC+ Will+ Str-4}
Stlth   +++          d - ring of Zumauty {rElec rPois rF+ Str+3 Stlth-}
HPRegen 0.42/turn    s - ring of Izugoi {rN+++ Will++ Str+6 Slay-5 Stlth-}
MPRegen 0.63/turn

%: no passive effects
@: sanguine armoured, studying 2 skills
A: icemail 1, powered by death 3, sanguine armour 3, condensation shield,
weakness stinger 2
a: Renounce Religion, Potion Petition, Call Merchant, Bribe Branch


You were on level 3 of the Shoals.
You worshipped Gozag.
Gozag was most pleased with you.
You visited 6 branches of the dungeon, and saw 26 of its levels.
You also visited: Bailey.

You collected 10881 gold pieces.
You spent 4531 gold pieces at shops.
You paid 3634 gold pieces to Gozag.

Inventory:

Hand Weapons
 a - the +11 shortbow of Nightmares (weapon) {elec, Int+3 Dex+2 Stlth+}
   (You acquired it on level 2 of the Dungeon)

   Int+3:     It affects your intelligence (+3).
   Dex+2:     It affects your dexterity (+2).
   Stlth+:    It makes you more stealthy.
 b - the +9 lance "Wyrmbane" {slay drac, rPois rF+ rC+ AC+3}
   (You took it off Maggie on level 8 of the Dungeon)

   AC+3:      It affects your AC (+3).
   rF+:       It protects you from fire.
   rC+:       It protects you from cold.
   rPois:     It protects you from poison
Missiles
 n - 2 throwing nets
Armour
 e - a +0 cloak (worn)
 k - +0 acid dragon scales (worn)
 u - a +2 pair of gloves (worn)
 w - the orb of an ice cave {light, Rampage rN+ rCorr Fire}
   (You found it on level 5 of the Dungeon)

   rN+:       It protects you from negative energy.
   rCorr:     It protects you from acid and corrosion.
   Rampage:   It bestows one free step when moving towards enemies.
   Fire:      It increases the power of your Fire spells.
 x - a +2 pair of boots (worn)
 E - a +2 helmet (worn)
Jewellery
 d - the ring of Zumauty (left hand) {rElec rPois rF+ Str+3 Stlth-}
   (You bought it in a shop on level 9 of the Dungeon)

   [ring of protection from fire]

   Str+3:     It affects your strength (+3).
   rF+:       It protects you from fire.
   rElec:     It insulates you from electricity.
   rPois:     It protects you from poison Stlth-: It makes you less stealthy.
 s - the ring of Izugoi (right hand) {rN+++ Will++ Str+6 Slay-5 Stlth-}
   (You bought it in a shop on level 9 of the Dungeon)

   [ring of strength]

   Str+6:     It affects your strength (+6).
   Slay-5:    It affects your accuracy & damage with ranged weapons and melee
   (-5).
   rN+++:     It renders you almost immune to negative energy.
   Will++:    It greatly increases your willpower.
   Stlth-:    It makes you less stealthy.
 t - a ring of ice
 C - the amulet "Zibbuach" (around neck) {RegenMP rC+ Will+ Str-4}
   (You bought it in a shop on level 9 of the Dungeon)

   [amulet of magic regeneration]

   RegenMP:   It increases your rate of magic regeneration.
   Str-4:     It affects your strength (-4).
   rC+:       It protects you from cold.
   Will+:     It increases your willpower.
 J - a ring of willpower
 Q - a ring of positive energy
 V - a ring of protection from cold
 Y - a +6 ring of strength
 Z - a ring of magical power
Wands
 i - a wand of mindburst (19)
 q - a wand of light (12)
 r - a wand of polymorph (17)
 D - a wand of flame (61)
 F - a wand of iceblast (15)
 N - a wand of paralysis (6)
 T - a wand of digging (11)
Scrolls
 c - 4 scrolls of amnesia
 h - a scroll of enchant armour
 j - 2 scrolls of revelation
 l - 4 scrolls of fog
 o - 5 scrolls of immolation
 y - 4 scrolls of enchant weapon
 B - 4 scrolls of fear
 G - 5 scrolls of blinking
 K - 7 scrolls of identify
 O - 2 scrolls of vulnerability
 U - 3 scrolls of teleportation
 W - 3 scrolls of poison
Potions
 f - 3 potions of might
 g - 4 potions of enlightenment
 m - 6 potions of lignification
 p - 7 potions of curing
 v - 11 potions of ambrosia
 z - 3 potions of attraction
 A - 4 potions of heal wounds
 H - 2 potions of cancellation
 I - 2 potions of magic
 L - a potion of haste
 M - a potion of berserk rage
 P - 2 potions of mutation {unknown}
 X - a potion of brilliance
Miscellaneous
 R - a phantom mirror
 S - a lightning rod (4/4)


   Skills:
 + Level 15.0 Fighting
 + Level 12.3 Ranged Weapons
 + Level 6.3 Armour
 + Level 6.3 Dodging
 + Level 9.1 Stealth
 + Level 13.6 Spellcasting
 + Level 12.6 Conjurations
 - Level 5.0 Translocations
 - Level 5.0 Earth Magic


You had 25 spell levels left.
You knew the following spells:

 Your Spells              Type           Power      Damage    Failure   Level
a - Magic Dart            Conj           100%       1d8       1%          1
b - Searing Ray           Conj           100%       2d8       1%          2
c - Bombard               Conj/Erth      31%        9d6       16%         6
p - Fulminant Prism       Conj/Alch      27%        3d14      2%          4
z - Iskenderun's Mystic   Conj/Tloc      63%        2d13      1%          4

Your spell library contained the following spells:

 Spells                   Type           Power      Damage    Failure   Level
 Shock                    Conj/Air       100%       1d9       1%          1
 Sting                    Conj/Alch      100%       1d9       1%          1
 Blink                    Tloc           96%        N/A       1%          2
 Lesser Beckoning         Tloc           96%        N/A       1%          2
 Momentum Strike          Conj/Tloc      100%       3d10      1%          2
 Gell's Gravitas          Tloc           48%        N/A       1%          3
 Hailstorm                Conj/Ice       54%        3d11      1%          3
 Teleport Other           Tloc           48%        N/A       1%          3
 Necrotise                Necr           76%        1d7       3%          1
 Summon Small Mammal      Summ           76%        N/A       3%          1
 Ensorcelled Hibernation  Hex/Ice        38%        N/A       5%          2
 Mercury Vapours          Alch/Air       38%        N/A       5%          2
 Call Canine Familiar     Summ           19%        N/A       11%         3
 Fugue of the Fallen      Necr           19%        N/A       11%         3
 Summon Ice Beast         Ice/Summ       19%        N/A       11%         3
 Swiftness                Air            19%        N/A       11%         3
 Vampiric Draining        Necr           19%        2d7       11%         3
 Animate Armour           Summ/Erth      68%        N/A       13%         4
 Orb of Destruction       Conj           37%        9d11      17%         7
 Airstrike                Air            9%         2d(2-18)  36%         4
 Anguish                  Hex/Necr       9%         N/A       36%         4
 Dispel Undead            Necr           19%        3d11      36%         4
 Martyr's Knell           Necr/Summ      19%        N/A       36%         4
 Olgreb's Toxic Radiance  Alch           19%        N/A       36%         4
 Summon Blazeheart Golem  Fire/Summ      19%        N/A       36%         4
 Borgnjor's Vile Clutch   Necr/Erth      17%        N/A       36%         5
 Curse of Agony           Necr           19%        N/A       71%         5
 Spellforged Servitor     Conj/Summ      27%        N/A       93%         7
 Sculpt Simulacrum        Ice/Alch       9%         N/A       99%         6


Dungeon Overview and Level Annotations

Branches:
Dungeon (13/15)            Temple (1/1) D:4            Lair (5/5) D:11
 Shoals (3/4) Lair:2       Spider (2/4) Lair:3        Slime (0/5) Lair:4
    Orc (2/2) D:10            Elf (0/3) Orc:2        Vaults (0/5) D:13
 Bailey (visited)

Altars:
Ashenzari
Cheibriados
Dithmenos
Fedhas
Gozag
Hepliaklqana
Kikubaaqudgha
Makhleb
Nemelex Xobeh
Okawaru
Qazlal
Ru
Sif Muna
Trog
Uskayaw
Vehumet
Wu Jian
Xom
Yredelemnul
Jiyva

Shops:
D:4 (   D:5 **[[   D:9 =   D:11 *   D:12 :[   Orc:2 ([*[

Annotations:
D:5 1 runed translucent door, Crazy Yiuf
D:6 3 runed translucent doors, Sobieck's ghost, novice CoGl
D:7 1 runed translucent door, DeathSocks's ghost, novice MDMo
D:11 1 transporter, DeathSocks's ghost, journeyman MDMo
Spider:1 2 transporters


Innate Abilities, Weirdness & Mutations

A meltable icy envelope protects you from harm. (AC +4)
You regenerate a lot of health from kills.
When seriously injured, your blood forms very thick armour. (AC +12)
A meltable shield of frost defends you. (SH +4)
You have a tail ending in a sharp stinger.


Message History

The merfolk impaler is knocked back by the mystic blast.
The merfolk javelineer throws a silver javelin.
The silver javelin pierces through you!!
The silver sears you!
* * * LOW HITPOINT WARNING * * *
You are too injured to fight recklessly!
Fire: a) +11 shortbow of Nightmares {elec, Int+3 Dex+2 Stlth+}
Press: ? - help, Shift-Dir - straight line, f/p - merfolk impaler
Aim: a merfolk impaler, wielding a +1 trident of protection and wearing a +0 leather armour (almost dead, 57% to hit)
You shoot an arrow.
The arrow closely misses the merfolk impaler.
The merfolk javelineer throws a silver javelin.
The silver javelin closely misses you.
Fire: a) +11 shortbow of Nightmares {elec, Int+3 Dex+2 Stlth+}
Press: ? - help, Shift-Dir - straight line, f/p - merfolk impaler
Aim: a merfolk impaler, wielding a +1 trident of protection and wearing a +0 leather armour (almost dead, 57% to hit)
You shoot an arrow.
The arrow hits the merfolk impaler but does no damage.
The merfolk impaler is almost dead.
Fire: a) +11 shortbow of Nightmares {elec, Int+3 Dex+2 Stlth+}
Press: ? - help, Shift-Dir - straight line, f/p - merfolk impaler
Aim: a merfolk impaler, wielding a +1 trident of protection and wearing a +0 leather armour (almost dead, 57% to hit)
You shoot an arrow. The arrow misses the merfolk impaler.
The merfolk javelineer throws a silver javelin.
The silver javelin pierces through you!
* * * LOW HITPOINT WARNING * * *
The silver sears you!
* * * LOW HITPOINT WARNING * * *
Fire: a) +11 shortbow of Nightmares {elec, Int+3 Dex+2 Stlth+}
Press: ? - help, Shift-Dir - straight line, f/p - merfolk impaler
Aim: a merfolk impaler, wielding a +1 trident of protection and wearing a +0 leather armour (almost dead, 57% to hit)
You shoot an arrow.
The arrow hits the merfolk impaler but does no damage.
The merfolk impaler is almost dead.
The merfolk javelineer throws a silver javelin.
The silver javelin pierces through you!
* * * LOW HITPOINT WARNING * * *
The silver sears you!
You die...
Your body crumbles into a pile of gold.

#.~~~~~~~~~~~..##...~~~~~≈≈≈≈#
##..~~~)~~~~~.###....~~≈≈≈≈≈≈#
#
##.~~~~~~~~~.......~~~≈≈≈≈≈≈#
## ###.~~~~~~~......~~~≈≈≈
.### #.~~~.~~.......~~≈≈≈≈
~..## ##.~~.###..~...~~~≈≈≈≈
~~..###..~~.##......~~~≈≈≈≈≈
~~~......~~..........~~≈≈≈≈≈
~~>.............@....~~≈≈≈≈≈
~................~~.~~≈≈≈≈≈≈
..............$.m...~~≈≈≈≈≈
.............m....~~~≈≈≈≈≈≈
.................~~~≈≈≈≈≈≈≈
.................~~≈≈≈≈≈≈≈
..~~~~~~~........~~≈≈≈≈≈≈
.....~~~~≈≈≈≈≈≈ ~


You could see a merfolk impaler and a merfolk javelineer.

Vanquished Creatures
  Nikola (Shoals:1)
  4 krakens (Shoals:2)
  A vampire knight (D:12)
  Josephine (D:10)
  3 merfolk impalers
  A merfolk javelineer (Shoals:2)
  An entropy weaver (Spider:2)
  Harold (D:10)
  Erica (D:11)
  6 hydras
  2 jorogumos (Spider:1)
  3 boulder beetles
  4 centaur warriors
  A merfolk aquamancer (Shoals:3)
  A catoblepas (D:13)
  2 two-headed ogres
  A satyr (Shoals:3)
  10 death yaks
  An alligator snapping turtle (Shoals:3)
  A hell hog (Lair:5)
  Urug (D:11)
  2 demonic crawlers (Spider:1)
  6 orc high priests
  Sonja (D:10)
  5 skysharks
  Nergalle (D:11)
  Amaemon (Lair:2)
  3 sea snakes (Shoals:2)
  3 pharaoh ants (Spider:2)
  4 steelbarb worms
  7 harpies
  3 orc sorcerers
  A deep elf pyromancer (D:13)
  3 orc knights
  7 cyclopes
  5 wolf spiders
  2 ugly things
  6 manticores
  A faun (Shoals:2)
  6 black mambas
  2 kobold blastminers (Orc:2)
  2 water nymphs
  2 black mambas (shapeshifter)
  2 gargoyles (D:13)
  A merfolk siren (Shoals:3)
  14 cane toads
  2 torpor snails
  An orange demon (Lair:2)
  Maggie (D:8)
  7 rime drakes
  A kobold demonologist (D:12)
  13 komodo dragons
  8 trolls
  3 wind drakes
  A queen bee (Lair:1)
  9 tarantellas
  12 polar bears
  12 merfolk
  4 raiju (Lair:5)
  3 dream sheep
  14 blink frogs
  6 snapping turtles
  6 culicivoras
  11 slime creatures
  A shadow (D:11)
  9 jumping spiders
  44 yaks
  3 vampires
  9 wraiths
  8 wyverns
  4 water elementals
  3 basilisks
  10 redbacks
  16 humans (D:13)
  3 steam dragons
  6 wargs
  2 acid dragons (D:10)
  14 water moccasins
  13 hell hounds (Lair:5)
  3 ice beasts
  29 orc warriors
  19 black bears
  2 sky beasts
  A laughing skull (D:8)
  4 boggarts (Lair:2)
  7 ogres
  2 centaurs
  23 wolves
  5 phantoms
  3 kobold brigands
  14 bullfrogs
  A gnoll sergeant (D:8)
  Blork the orc (D:5)
  3 wights (D:8)
  9 scorpions
  2 troll zombies (D:10)
  32 killer bees
  5 howler monkeys
  An electric eel (Lair:1)
  2 bombardier beetles
  3 hounds
  34 orc priests
  2 jellies (Lair:4)
  2 gnoll boudas (D:8)
  3 iguanas (D:6)
  A sleepcap (D:4)
  33 orc wizards
  7 hell rats (Lair:4)
  6 ogre zombies (D:10)
  Robin (D:3)
  7 gnolls
  3 adders
  5 white imps
  2 ufetubi (D:6)
  4 ribbon worms
  2 dart slugs
  80 orcs
  3 bats
  8 endoplasms
  7 giant cockroaches
  4 gnoll zombies (D:10)
  8 hobgoblins
  25 kobolds
  4 quokkas
  5 ball pythons
  2 frilled lizards (D:1)
  2 gnoll skeletons (D:10)
  9 goblins
  5 orc skeletons (D:10)
  14 orc zombies (D:10)
  3 rats
  16 tentacles (Shoals:2)
874 creatures vanquished.

Vanquished Creatures (others)
  An orc wizard (D:6)
  54 tentacles (Shoals:2)
55 creatures vanquished.

Grand Total: 929 creatures vanquished

Notes
Turn   | Place    | Note
-------+----------+-------------------------------------------
     0 | D:1      | oldriver the Demonspawn Conjurer began the quest for the
                  | Orb.
     0 | D:1      | Reached XP level 1. HP: 13/13 MP: 3/3
   260 | D:1      | Gained mutation: When seriously injured, your blood forms
                  | armour. (AC +12) [demonic ancestry]
   260 | D:1      | Reached XP level 2. HP: 20/20 MP: 0/5
   392 | D:1      | Got the Parchment of the Morgue and the Geologist
   806 | D:1      | Reached skill level 1 in Fighting
   832 | D:1      | Gained mutation: You regenerate a little health from kills.
                  | [demonic ancestry]
   832 | D:1      | Reached XP level 3. HP: 23/26 MP: 3/6
  1167 | D:2      | Learned a level 2 spell: Searing Ray
  1547 | D:2      | Identified a scroll of acquirement
  1547 | D:2      | Acquired the +11 shortbow of Nightmares {elec, Int+3 Dex+2
                  | Stlth+}
  1607 | D:3      | Reached XP level 4. HP: 32/32 MP: 8/8
  1808 | D:3      | Noticed Robin
  1819 | D:3      | Killed Robin
  2269 | D:3      | Found a faded altar of an unknown god.
  2412 | D:3      | Learned a level 4 spell: Fulminant Prism
  2477 | D:4      | Gained mutation: When seriously injured, your blood forms
                  | thick armour. (AC +12) [demonic ancestry]
  2477 | D:4      | Reached XP level 5. HP: 38/38 MP: 8/10
  2572 | D:4      | Found Kiustraga's Weapon Emporium.
  2591 | D:4      | Reached skill level 2 in Fighting
  2712 | D:4      | Found a staircase to the Ecumenical Temple.
  2858 | Temple   | Entered the Ecumenical Temple
  2945 | Temple   | Became a worshipper of Gozag Ym Sagoz the Greedy
  3051 | D:5      | Entered Level 5 of the Dungeon
  3058 | D:5      | Identified the orb of an ice cave {light, Rampage rN+ rCorr
                  | Fire}
  3060 | D:5      | Reached skill level 1 in Ranged Weapons
  3063 | D:5      | Noticed a water moccasin
  3064 | D:5      | Killed a water moccasin
  3065 | D:5      | Reached XP level 6. HP: 46/46 MP: 11/11
  3109 | D:5      | Noticed Blork the orc
  3111 | D:5      | Killed Blork the orc
  3218 | D:5      | Noticed an ice beast
  3220 | D:5      | Reached skill level 5 in Conjurations
  3443 | D:5      | Killed an ice beast
  3444 | D:5      | Reached skill level 3 in Fighting
  3460 | D:5      | Reached XP level 7. HP: 52/52 MP: 13/13
  3475 | D:5      | Found Daina's General Store.
  3508 | D:5      | Found Goarul's Armour Emporium.
  3607 | D:5      | Found Ecyez's Specific Store.
  3614 | D:5      | Bought a potion of heal wounds for 55 gold pieces
  3614 | D:5      | Bought a scroll of fear for 44 gold pieces
  4040 | D:5      | Learned a level 4 spell: Iskenderun's Mystic Blast
  4196 | D:5      | Found a runed translucent door.
  4197 | D:5      | Noticed Crazy Yiuf
  4298 | D:6      | Reached skill level 4 in Fighting
  4298 | D:6      | Gained mutation: A meltable shield of frost defends you.
                  | (SH +4) [demonic ancestry]
  4298 | D:6      | Reached XP level 8. HP: 54/60 MP: 13/15
  5057 | D:6      | Reached skill level 5 in Spellcasting
  5142 | D:6      | Reached skill level 5 in Stealth
  5142 | D:6      | Reached skill level 1 in Translocations
  5557 | D:6      | Found an ancient bone altar of Kikubaaqudgha.
  5577 | D:6      | Found a runed translucent gate.
  5577 | D:6      | Found a runed translucent gate.
  5578 | D:6      | Noticed a kobold demonologist
  5592 | D:6      | Noticed Sobieck's ghost (novice CoGl)
  5594 | D:6      | Found a runed translucent gate.
  5713 | D:6      | Acquired 1060 gold pieces
  5911 | D:7      | Reached skill level 5 in Fighting
  6075 | D:7      | Found a runed translucent door.
  6138 | D:7      | Gained mutation: You regenerate health from kills. [demonic
                  | ancestry]
  6138 | D:7      | Reached XP level 9. HP: 68/68 MP: 12/17
  6184 | D:7      | Found a flagged portal.
  6200 | Bailey   | Entered a bailey
  6364 | Bailey   | Noticed an orc knight
  6387 | Bailey   | Killed an orc knight
  6388 | Bailey   | Reached skill level 6 in Fighting
  6447 | Bailey   | Found a large runed translucent door.
  6447 | Bailey   | Found a large runed translucent door.
  6448 | Bailey   | Noticed a deep elf zephyrmancer
  6788 | D:7      | Reached skill level 5 in Ranged Weapons
  6951 | D:7      | Noticed DeathSocks's ghost (novice MDMo)
  7546 | D:8      | Noticed Maggie
  7556 | D:8      | Killed Maggie
  7557 | D:8      | Reached skill level 7 in Fighting
  7917 | D:8      | Noticed a komodo dragon
  7932 | D:8      | Killed a komodo dragon
  7973 | D:8      | Reached XP level 10. HP: 79/79 MP: 15/20
  8046 | D:8      | Noticed a boulder beetle
  8048 | D:8      | Noticed a cyclops
  8065 | D:8      | Killed a cyclops
  8066 | D:8      | Reached skill level 8 in Fighting
  8074 | D:8      | Killed a boulder beetle
  8270 | D:8      | Reached skill level 9 in Fighting
  8522 | D:8      | a steam dragon changed into a black mamba
  8522 | D:8      | Noticed a black mamba (shapeshifter)
  8530 | D:8      | Killed a black mamba
  9064 | D:8      | Noticed a centaur warrior
  9096 | D:9      | Found an iron altar of Okawaru.
  9096 | D:9      | Found a hazy altar of Hepliaklqana.
  9157 | D:9      | Found a broken altar of Ashenzari.
  9542 | D:9      | Reached skill level 10 in Fighting
  9572 | D:9      | Found a snail-covered altar of Cheibriados.
  9676 | D:9      | Gained mutation: A meltable icy envelope protects you from
                  | harm. (AC +4) [demonic ancestry]
  9676 | D:9      | Reached XP level 11. HP: 90/90 MP: 23/23
 10215 | D:10     | Entered Level 10 of the Dungeon
 10555 | D:10     | Found a staircase to the Orcish Mines.
 11091 | D:10     | Noticed a green ugly thing
 11102 | D:10     | Killed a green ugly thing
 11247 | D:10     | Noticed Sonja
 11283 | D:10     | Noticed Josephine
 11348 | D:10     | Noticed Harold
 11368 | D:10     | Killed Harold
 11680 | D:10     | Killed Josephine
 11884 | D:10     | Killed Sonja
 12089 | D:11     | Noticed Erica
 12099 | D:11     | Killed Erica
 12216 | D:11     | Found a staircase to the Lair.
 12254 | D:11     | Found Miwic's Assorted Antiques.
 12360 | D:11     | Noticed Nergalle
 12393 | D:11     | Killed Nergalle
 12755 | D:11     | Noticed Urug
 12763 | D:11     | Killed Urug
 12764 | D:11     | Gained mutation: When seriously injured, your blood forms
                  | very thick armour. (AC +12) [demonic ancestry]
 12764 | D:11     | Reached XP level 12. HP: 97/99 MP: 20/25
 12852 | D:11     | Noticed a boulder beetle
 12878 | D:11     | Killed a boulder beetle
 12879 | D:11     | Reached skill level 5 in Translocations
 13442 | D:11     | Found a transporter.
 13443 | D:11     | Noticed a two-headed ogre
 13443 | D:11     | Noticed DeathSocks's ghost (journeyman MDMo)
 13444 | D:11     | Noticed a two-headed ogre
 13445 | D:11     | Noticed a two-headed ogre
 13445 | D:11     | Identified the +6 dire flail of the Spectre {freeze, rF+
                  | rN+ Str+4}
 13445 | D:11     | Noticed a two-headed ogre
 13447 | D:11     | Noticed a two-headed ogre
 13534 | Lair:1   | Entered Level 1 of the Lair of Beasts
 13578 | Lair:1   | Reached skill level 11 in Fighting
 14398 | Lair:1   | Reached skill level 5 in Dodging
 14616 | Lair:1   | Reached skill level 10 in Spellcasting
 14869 | Lair:1   | Identified the scarf "Cuoc" {+Inv, Str+2}
 15638 | D:8      | Learned a level 6 spell: Bombard
 15691 | D:9      | Bought the ring of Zumauty {rElec rPois rF+ Str+3 Stlth-}
                  | for 769 gold pieces
 15698 | D:9      | Bought the ring of Izugoi {rN+++ Will++ Str+6 Slay-5
                  | Stlth-} for 889 gold pieces
 15698 | D:9      | Bought the amulet "Zibbuach" {RegenMP rC+ Will+ Str-4} for
                  | 659 gold pieces
 15813 | D:8      | Killed a centaur warrior
 16218 | Lair:2   | Reached skill level 1 in Armour
 16298 | Lair:2   | Noticed Amaemon
 16313 | Lair:2   | Killed Amaemon
 16413 | Lair:2   | Noticed an eight-headed hydra
 16420 | Lair:2   | Killed an eight-headed hydra
 16421 | Lair:2   | Gained mutation: You have a small tail. [demonic ancestry]
 16421 | Lair:2   | Reached XP level 13. HP: 107/107 MP: 23/27
 16663 | Lair:2   | Identified the +7 spear "Huriestruwed" {venom, rF- rN+
                  | Str+3 Dex+3}
 16687 | Lair:2   | Found a staircase to the Shoals.
 16754 | Lair:2   | Reached skill level 12 in Fighting
 17308 | Lair:3   | Found a hole to the Spider Nest.
 18568 | Lair:4   | Found a staircase to the Slime Pits.
 18568 | Lair:4   | Found a viscous altar of Jiyva.
 19278 | Lair:5   | Entered Level 5 of the Lair of Beasts
 19288 | Lair:5   | Reached skill level 10 in Conjurations
 19553 | Lair:5   | Reached skill level 13 in Fighting
 19553 | Lair:5   | Gained mutation: You have a tail ending in a sharp stinger.
                  | [demonic ancestry]
 19553 | Lair:5   | Reached XP level 14. HP: 92/118 MP: 5/29
 19663 | Lair:5   | Reached skill level 5 in Armour
 21989 | Lair:5   | Reached skill level 1 in Earth Magic
 22037 | Lair:5   | Identified the maw talisman of Sorcery {rF+ rN++}
 22643 | Orc:1    | Entered Level 1 of the Orcish Mines
 22766 | Orc:2    | Entered Level 2 of the Orcish Mines
 23200 | Orc:2    | Found a staircase to the Elven Halls.
 25206 | Orc:2    | Found Xoovum's Antique Armour Shop.
 25206 | Orc:2    | Found Qutiy's Weapon Shop.
 25207 | Orc:2    | Found Ugis's Assorted Antiques.
 25211 | Orc:2    | Found Memp's Armour Boutique.
 25219 | Orc:2    | Bought a +1 pair of boots for 115 gold pieces
 25628 | D:12     | Gained mutation: You regenerate a lot of health from kills.
                  | [demonic ancestry]
 25628 | D:12     | Reached XP level 15. HP: 86/125 MP: 21/31
 26483 | D:12     | Reached skill level 14 in Fighting
 26855 | D:12     | Bought a manual of Ranged Weapons for 1440 gold pieces
 26870 | D:13     | Found a gate to the Vaults.
 27324 | D:13     | Noticed a tengu reaver
 27365 | D:13     | Noticed a fire giant
 28297 | Spider:1 | Entered Level 1 of the Spider Nest
 29737 | Spider:1 | Found a transporter.
 29769 | Spider:1 | Found a transporter.
 30064 | Spider:2 | Reached skill level 10 in Ranged Weapons
 31107 | D:5      | Bought a steaming buckler for 313 gold pieces
 31107 | D:5      | Identified the +0 buckler "Wiwonah" {rC+} (You bought it in
                  | a shop on level 5 of the Dungeon)
 31107 | D:5      | Bought a pair of embroidered gloves for 247 gold pieces
 31251 | Shoals:1 | Entered Level 1 of the Shoals
 31620 | Shoals:1 | Noticed Nikola
 31690 | Shoals:1 | Killed Nikola
 31691 | Shoals:1 | Reached skill level 5 in Earth Magic
 32032 | Shoals:2 | Noticed a kraken
 32032 | Shoals:2 | Noticed a kraken
 32032 | Shoals:2 | Noticed a kraken
 32032 | Shoals:2 | Noticed a kraken
 32822 | Shoals:2 | Reached XP level 16. HP: 134/134 MP: 33/33
 32908 | Shoals:2 | Killed a kraken
 33152 | Shoals:2 | Killed a kraken
 33273 | Shoals:2 | Killed a kraken
 33365 | Shoals:2 | Killed a kraken
 35586 | Shoals:3 | Reached skill level 15 in Fighting
 35602 | Shoals:3 | HP: 4/136 [merfolk javelineer/silver javelin (17)]
 35602 | Shoals:3 | Hit by a silver javelin thrown by a merfolk javelineer

Illustrated notes

Levels and vault maps discovered:
D:1:      erik_arrival_triangle_large, layout_basic
D:2:      layout_rooms
D:3:      layout_loops_corners, shapermc_ecumenical_altar_pompeii, uniq_robin
D:4:      layout_rooms, minmay_temple_entry_trees, serial_shops,
          nicolae_shop_bloodbath_and_beyond
D:5:      layout_cave_pods, serial_shops, kennysheep_mini, grunt_ministairs_1,
          nicolae_specific_store, minmay_misc_feat_hallway, minmay_holes,
          uniq_blork_the_orc, uniq_crazy_yiuf_cottage
D:6:      wander_river, layout_cave_pools, mainiacjoe_overflow_brackets,
          gammafunk_ghost_nasty_kobolds
D:7:      layout_gridville, ebering_ghost_reflecting_pool, enter_bailey_4,
          nicolae_twisty_statue_hallways
D:8:      minmay_quarter_circles, layout_basic, uniq_maggie
D:9:      layout_long_grid, ashenzari_altar_1, gammafunk_temple_overflow_pools,
          kennysheep_slug_shrine, roderic_lattice_a
D:10:     layout_grid_maze, zombieorc2_lemuel, uniq_harold, uniq_sonja,
          uniq_josephine
D:11:     layout_basic, due_lair_maze_entry_diamond, gammafunk_ghost_smash,
          serial_shops, nicolae_take_the_stairs, columned_hall_lemuel,
          tso_metal_star, uniq_urug, uniq_nergalle, uniq_erica
D:12:     layout_stronghold, corexii_checkpoint, zin_academy
D:13:     layout_roguey, david_vaults_3, minmay_diamond_spiral
Temple:   minmay_crystal_spiral_temple
Lair:1:   layout_gridlike, special_room [special_room_bee], grunt_megastairs_2
Lair:2:   cheibrodos_lair_overgrown_chateau, layout_loops_ring,
          shoals_dummy_entry, kilobyte_rumbling_trees, uniq_amaemon
Lair:3:   layout_roguey, nicolae_spider_entry_non_spiders
Lair:4:   layout_gridlike, minmay_slime_entry_pillars
Lair:5:   hangedman_lair_caniforms_friends, layout_loops_ring,
          lemuel_fruit_tree, grunt_megastairs_5
Shoals:1: layout_shoals, uniq_nikola
Shoals:2: layout_shoals, nicolae_shoals_kraken_party
Shoals:3: layout_shoals, serial_shops, shop_coins
Spider:1: gammafunk_boulding_lane, drop_trap
Spider:2: layout_spider_delve, nicolae_spider_moth_buddies
Orc:1:    layout_caves
Orc:2:    st_orc_mages, layout_caves, nicolae_orc_flooded_monolith,
          nicolae_orc_minecarts

Skill      XL: |  1  2  3  4  5  6  7  8  9 10 11 12 13 14 15 16 |
---------------+-------------------------------------------------+-----
Stealth        | 2 3 4 5 7 9 |  9.1
Fighting       | 1 2 3 4 5 7 10 11 13 14 15 | 15.0
Spellcasting   | 3 4 5 7 8 9 10 11 12 13 | 13.6
Ranged Weapons | 1 2 3 5 6 7 8 11 12 | 12.3
Conjurations   | 5 6 7 8 10 11 12 | 12.6
Translocations | 2 3 4 5 |  5.0
Dodging        | 2 4 6 |  6.3
Armour         | 2 4 6 |  6.3
Earth Magic    | 3 5 |  5.0

Action                     |  1- 3 |  4- 6 |  7- 9 | 10-12 | 13-15 | 16-18 || total
---------------------------+-------+-------+-------+-------+-------+-------++-------
  Melee: Shortbow          |       |       |       |     1 |       |       ||     1
   Fire: Sling             |    47 |       |       |       |       |       ||    47
         Shortbow          |     1 |    77 |   185 |   643 |  1553 |   313 ||  2772
   Cast: Magic Dart        |    46 |       |     2 |       |       |       ||    48
         Iskenderun's Myst |       |       |    25 |    94 |   371 |    69 ||   559
         Searing Ray       |       |       |     2 |       |       |       ||     2
 Invoke: Call Merchant     |       |       |       |     1 |     3 |       ||     4
         Potion Petition   |       |       |       |     1 |     1 |       ||     2
  Evoke: Wand              |       |       |     1 |     1 |     4 |       ||     6
         Phantom mirror    |       |       |       |       |     1 |       ||     1
    Use: Scroll            |     6 |       |     5 |    11 |     3 |     1 ||    26
         Potion            |       |       |     9 |     3 |     1 |       ||    13
 Armour: Robe              |    22 |    10 |    33 |   133 |       |       ||   198
         Skin              |       |       |       |     2 |       |       ||     2
         Acid dragon scale |       |       |       |    18 |   611 |   166 ||   795
  Dodge: Dodged            |    21 |     5 |    18 |   111 |   411 |    65 ||   631
  Block: Other             |       |       |     6 |    23 |   109 |    22 ||   160

Table legend: (Time is in decaauts)
 A = Elapsed time spent in this place.
 B = Non-inter-level travel time spent in this place.
 C = Inter-level travel time spent in this place.
 D = Time resting spent in this place.
 E = Time spent auto-exploring this place.
 F = Levels seen in this place.
 G = Mean time per level.
                   A        B        C        D        E       F      G
               +--------+--------+--------+--------+--------+-----+--------+
         Total |  36117 |  33743 |   2374 |   8515 |  18767 |  27 | 1337.7 |
       Dungeon |  16747 |  15550 |   1197 |   2704 |  10072 |  13 | 1288.2 |
        Temple |    174 |      1 |    173 |      0 |      0 |   1 |  174.0 |
          Lair |   8761 |   8188 |    573 |   1730 |   4660 |   5 | 1752.2 |
        Shoals |   4521 |   4366 |    155 |   1732 |   1834 |   3 | 1507.0 |
   Spider Nest |   2568 |   2363 |    205 |   1053 |    941 |   2 | 1284.0 |
  Orcish Mines |   2860 |   2792 |     68 |   1108 |   1095 |   2 | 1430.0 |
        Bailey |    484 |    484 |      0 |    187 |    164 |   1 |  484.0 |
               +--------+--------+--------+--------+--------+-----+--------+

Top non-repeatable levels by time:
  Lair:5: 2638 daAuts
Shoals:2: 2417 daAuts
   Orc:2: 2248 daAuts
     D:8: 2196 daAuts
  Lair:1: 2051 daAuts
Spider:1: 2000 daAuts
    D:10: 1934 daAuts
     D:5: 1933 daAuts
    D:12: 1702 daAuts
  Lair:4: 1692 daAuts
    D:11: 1665 daAuts
     D:9: 1369 daAuts
  Lair:3: 1292 daAuts
Shoals:1: 1098 daAuts
  Lair:2: 1086 daAuts
